 Dungeon Crawl Stone Soup version 0.23.2-33-g5129a83184 (webtiles) character file.

Game seed: 13758642905691745890

198 Descartes the Shield-Bearer (level 6, 0/48 HPs)
             Began as a Formicid Fighter on July 6, 2019.
             Slain by Pikel
             ... wielding a +2 whip of freezing
              (3 damage)
             ... on level 4 of the Dungeon.
             The game lasted 00:06:05 (2539 turns).

Descartes the Shield-Bearer (Formicid Fighter)      Turns: 2539, Time: 00:06:05

Health: 0/48       AC:  7    Str: 20    XL:     6   Next: 5%
Magic:  6/6        EV:  8    Int:  8    God:
Gold:   166        SH: 10    Dex: 12    Spells: 5/5 levels left

rFire    . . .     SeeInvis +   a - +0 war axe
rCold    . . .     Gourm    .   c - +0 shield
rNeg     . . .     Faith    .   b - +0 scale mail
rPois    .         Spirit   .   (helmet unavailable)
rElec    .         Reflect  .   (no cloak)
rCorr    .         Harm     .   (no gloves)
MR       .....                  (no boots)
Stlth    ..........             (no amulet)
HPRegen  0.16/turn              (no ring)
MPRegen  0.10/turn              (no ring)

@: no status effects
A: permanent stasis, dig shafts and tunnels, four strong arms, antennae 3
a: Dig, Shaft Self


You were on level 4 of the Dungeon.
You were not hungry.

You visited 1 branch of the dungeon, and saw 4 of its levels.

You collected 166 gold pieces.

Inventory:

Hand Weapons
 a - a +0 war axe (weapon)
Armour
 b - a +0 scale mail (worn)
 c - a +0 shield (worn)
Scrolls
 h - a scroll of enchant weapon {unknown}
 i - 3 scrolls of identify {unknown}
 l - a scroll of amnesia {unknown}
 m - a scroll of immolation {unknown}
 o - a scroll of enchant armour {unknown}
 p - a scroll of random uselessness {unknown}
 q - a scroll of magic mapping {unknown}
 r - a scroll of fear {unknown}
 s - a scroll of noise {unknown}
Potions
 d - a potion of might
 e - 4 potions of flight {unknown}
 j - 2 potions of curing
 k - 3 potions of degeneration {unknown}
 n - 2 potions of cancellation {unknown}
Comestibles
 f - 3 rations
 g - 2 chunks of flesh


   Skills:
 + Level 4.0 Fighting
 * Level 3.6 Axes
 + Level 4.0 Armour
 * Level 5.3 Shields


You had 5 spell levels left.
You didn't know any spells.
Your spell library was empty.

Dungeon Overview and Level Annotations

Branches:
Dungeon (4/15)
 Temple: D:4-7

Altars:
Ashenzari
Elyvilon
Makhleb
Trog
Zin

Shops:
D:3 *

Annotations:
D:4 Pikel


Innate Abilities, Weirdness & Mutations

You cannot be hasted, slowed, berserked, paralysed or teleported.
You can dig through walls and to a lower floor.
Your four strong arms can wield two-handed weapons with a shield.
You have a pair of large antennae on your head. (SInv)


Message History

You block Pikel's attack. x2
Unknown command.
You hit Pikel but do no damage.
Pikel is severely wounded.
Pikel says, "You'll feel the lick of my whip!"
Pikel closely misses you.
You hit Pikel.
Pikel is severely wounded.
Pikel says, "You'll feel the lick of my whip!"
You block Pikel's attack.
You closely miss Pikel.
Pikel is severely wounded.
Pikel hits you with a +2 whip of freezing.
* * * LOW HITPOINT WARNING * * *
Pikel freezes you.
* * * LOW HITPOINT WARNING * * *
Pikel hits you with a +2 whip of freezing.
* * * LOW HITPOINT WARNING * * *
Pikel freezes you.
You die...

..#####.#.# ..........+
#.######..# #pp#######
#......... #.>....... ...
{ #{........ ###..##
#.#######......## #.#
......# #.....@Kpp.....+
#.#
......#############......#
#..
......#...........#.)....#
#..
......#.#########.#......#
#.#
#.................#'######
#.# ##........##.........#
#.# ..........##.........#
####.###
..........##.........#
#.......
..........##.).......#
#.######


You could see Pikel and 2 slaves.

Vanquished Creatures
  2 orc wizards (D:3)
  4 adders
  3 worms (D:3)
  2 dart slugs (D:1)
  4 leopard geckos
  7 orcs
  4 ball pythons
  A giant cockroach (D:3)
  12 goblins
  8 hobgoblins
  2 jackals (D:2)
  7 kobolds
  2 quokkas (D:3)
  5 bats
  3 frilled lizards
  13 rats
79 creatures vanquished.

Notes
Turn   | Place    | Note
-------+----------+-------------------------------------------
     0 | D:1      | Descartes the Formicid Fighter began the quest for the Orb.
     0 | D:1      | Reached XP level 1. HP: 18/18 MP: 1/1
    94 | D:1      | Reached XP level 2. HP: 24/24 MP: 2/2
   198 | D:1      | Reached skill level 4 in Shields
   376 | D:1      | Reached XP level 3. HP: 29/29 MP: 3/3
  1051 | D:2      | Found a burning altar of Makhleb.
  1053 | D:2      | Noticed a balrug
  1089 | D:2      | Found a white marble altar of Elyvilon.
  1100 | D:2      | Reached XP level 4. HP: 27/37 MP: 4/4
  1436 | D:2      | Found a bloodstained altar of Trog.
  1557 | D:3      | Reached XP level 5. HP: 11/42 MP: 5/5
  1917 | D:3      | Found Zin's Purification Station.
  1931 | D:3      | Found a glowing silver altar of Zin.
  1950 | D:3      | Reached skill level 5 in Shields
  2198 | D:3      | Found a shattered altar of Ashenzari.
  2399 | D:4      | Reached XP level 6. HP: 42/48 MP: 6/6
  2495 | D:4      | Noticed Pikel
  2495 | D:4      | Noticed a slave
  2495 | D:4      | Noticed a slave
  2495 | D:4      | Noticed a slave
  2495 | D:4      | Noticed a slave
  2539 | D:4      | Slain by Pikel

Skill      XL: |  1  2  3  4  5 |
---------------+----------------+-----
Shields        | 4 5 |  5.3
Axes           | 3 |  3.6
Fighting       | 4 |  4.0
Armour         | 4 |  4.0

Action                   |  1- 3 |  4- 6 || total
-------------------------+-------+-------++-------
Melee: War axe           |    99 |   178 ||   277
 Abil: Dig               |       |     1 ||     1
  Eat: Chunk             |     1 |     5 ||     6
Armor: Scale mail        |    41 |    59 ||   100
Dodge: Dodged            |    32 |    41 ||    73
Block: Shield            |    60 |    82 ||   142
